 Dungeon Crawl Stone Soup version 0.28-a0-1389-gc726bef33b (webtiles) character file.

Game seed: 7642508835925667116

312 freelancePsychic the Stinger (level 6, 0/47 HPs)
             Began as a Merfolk Venom Mage on Jan 3, 2022.
             Was an Initiate of Gozag.
             Slain by a killer bee (2 damage)
             ... on level 7 of the Dungeon.
             The game lasted 00:08:26 (4296 turns).

freelancePsychic the Stinger (Merfolk Venom Mage)   Turns: 4296, Time: 00:08:27

Health: 0/47       AC:  2    Str:  8    XL:     6   Next: 42%
Magic:  2/9        EV: 13    Int: 17    God:    Gozag
Gold:   226        SH:  0    Dex: 14    Spells: 6/9 levels left

rFire   . . .      SeeInvis .   j - +0 spear (venom)
rCold   . . .      Faith    .   (no shield)
rNeg    . . .      Spirit   .   a - +0 robe
rPois   .          Reflect  .   (no helmet)
rElec   .          Harm     .   (no cloak)
rCorr   .          Rampage  .   (no gloves)
Will    .....                   (no boots)
Stlth   ++........              (no amulet)
HPRegen 0.15/turn               (no ring)
MPRegen 0.11/turn               (no ring)

@: lethally poisoned (0 -> -8), gold aura
A: (nimble swimmer 2), mertail
a: Renounce Religion, Potion Petition, Call Merchant, Bribe Branch


You were on level 7 of the Dungeon.
You worshipped Gozag.
Gozag was aware of your devotion.
You visited 1 branch of the dungeon, and saw 5 of its levels.

You collected 226 gold pieces.

Inventory:

Hand Weapons
 j - a +0 spear of venom (weapon)
Armour
 a - a +0 robe (worn)
Jewellery
 c - a +4 ring of protection
 i - an amulet of reflection
Scrolls
 b - a scroll of identify {@r1}
 d - 2 scrolls of enchant armour
Potions
 k - a potion of cancellation


   Skills:
 + Level 3.2 Fighting
 * Level 4.8 Polearms
 - Level 3.1 Dodging
 - Level 2.1 Stealth
 - Level 2.3 Spellcasting
 - Level 1.3 Transmutations
 + Level 5.1 Poison Magic


You had 6 spell levels left.
You knew the following spells:

 Your Spells              Type           Power      Damage    Failure   Level
a - Sting                 Tmut/Pois      52%        1d5       4%          1
b - Poisonous Vapours     Pois/Air       20%        N/A       10%         2

Your spell library contained the following spells:

 Spells                   Type           Power      Damage    Failure   Level
 Magic Dart               Conj           8%         1d3       19%         1
 Olgreb's Toxic Radiance  Pois           19%        N/A       22%         4
 Call Imp                 Summ           2%         N/A       28%         2
 Mephitic Cloud           Conj/Pois/Air  7%         N/A       28%         3


Dungeon Overview and Level Annotations

Branches:
Dungeon (4/15)
 Temple: D:4-7

Altars:
Gozag

Annotations:
D:3 exclusion: water moccasin


Innate Abilities, Weirdness & Mutations

((You are very nimble when in or above water. (Stealth+, EV+, Speed+++)))
Your lower body shifts to a powerful aquatic tail in water.


Message History

The killer bee barely misses you. The killer bee closely misses you.
The killer bee stings you but does no damage.
Casting: Poisonous Vapours (safe; 10% risk of failure)
Confirm with . or Enter, or press ? or * to list all spells.
You don't have enough magic to cast this spell.
You miss the killer bee. The killer bee stings you.
You are poisoned.
The killer bee poisons you! The killer bee stings you.
The killer bee stings you!
You are more poisoned.
The killer bee poisons you!
An iguana comes into view.
Drinking this now will have no effect.
You closely miss the killer bee.
You feel very sick.
The killer bee barely misses you. x2; The killer bee stings you.
The killer bee misses you.
The iguana is distracted by your dazzling golden aura.
You miss the killer bee.
* * * LOW HITPOINT WARNING * * *
You feel very sick. The killer bee stings you!
* * * LOW HITPOINT WARNING * * *
The killer bee stings you but does no damage.
The killer bee misses you.
You miss the killer bee.
* * * LOW HITPOINT WARNING * * *
You feel sick.
The iguana is no longer distracted by gold.
The killer bee closely misses you. The killer bee barely misses you.
The killer bee closely misses you. The killer bee barely misses you.
Okay, then.
You hit the killer bee but do no damage.
The killer bee is poisoned.
* * * LOW HITPOINT WARNING * * *
You feel sick.
You kill the killer bee!
The killer bee barely misses you. The killer bee stings you.
You die...
Your body crumbles into a pile of gold.

$
###
##@#
#yy#
#..#
#l.#
..##
#l#
#.
#. $
..


You could see 2 iguanas and 2 killer bees.

Vanquished Creatures
  4 killer bees (D:7)
  3 orc wizards
  Robin (D:4)
  3 adders
  5 orcs
  An endoplasm (D:1)
  2 giant cockroaches
  13 goblins
  9 hobgoblins
  4 kobolds
  A quokka (D:3)
  7 ball pythons
  5 bats
  2 frilled lizards
  5 rats
65 creatures vanquished.

Notes
Turn   | Place    | Note
-------+----------+-------------------------------------------
     0 | D:1      | freelancePsychic the Merfolk Venom Mage began the quest for
                  | the Orb.
     0 | D:1      | Reached XP level 1. HP: 13/13 MP: 3/3
   454 | D:1      | Reached XP level 2. HP: 15/20 MP: 0/5
   910 | D:1      | Reached skill level 1 in Fighting
  1252 | D:1      | Learned a level 2 spell: Poisonous Vapours
  1409 | D:2      | Reached XP level 3. HP: 25/26 MP: 0/6
  1721 | D:2      | Reached skill level 4 in Poison Magic
  2509 | D:2      | Found a faded altar of an unknown god.
  2520 | D:2      | Prayed at the altar of an unknown god.
  2520 | D:2      | Became a worshipper of Gozag Ym Sagoz the Greedy
  2823 | D:3      | Reached XP level 4. HP: 17/33 MP: 2/7
  2989 | D:3      | Noticed a water moccasin
  3386 | D:3      | Reached skill level 1 in Polearms
  3589 | D:4      | Reached XP level 5. HP: 17/39 MP: 8/8
  3843 | D:4      | Noticed Robin
  3868 | D:4      | Killed Robin
  3979 | D:4      | You fall into a shaft and drop 3 floors!
  3988 | D:7      | HP: 1/39 [poisoned by a killer bee]
  3989 | D:7      | Reached XP level 6. HP: 2/46 MP: 2/9
  4290 | D:7      | Reached skill level 5 in Poison Magic
  4296 | D:7      | HP: 2/47 [poisoned by a killer bee]
  4296 | D:7      | Slain by a killer bee

Illustrated notes

Levels and vault maps discovered:
D:1:      elethiomel_arrival_quiet, layout_basic, minmay_quantized
D:2:      layout_basic, nicolae_ecumenical_snake_handling
D:3:      layout_basic
D:4:      minmay_chambers_of_twos, layout_gridville, uniq_robin, uniq_pikel
D:7:      layout_rooms, minmay_temple_entry_large_hall, serial_shops,
          nicolae_shop_crystal, nicolae_shop_hallway_plus, nicolae_shop_crystal,
          shop, nicolae_stop_n_shop_1

Skill      XL: |  1  2  3  4  5  6 |
---------------+-------------------+-----
Dodging        | 3 |  3.1
Fighting       | 1 2 3 |  3.2
Poison Magic   | 4 5 |  5.1
Polearms       | 2 4 |  4.8
Stealth        | |  2.1
Spellcasting   | |  2.3
Transmutations | |  1.3

Action                   |  1- 3 |  4- 6 || total
-------------------------+-------+-------++-------
Melee: Unarmed           |    30 |       ||    30
       Spear             |       |    95 ||    95
 Cast: Sting             |    35 |       ||    35
       Poisonous Vapours |    26 |    13 ||    39
  Use: Potion            |     3 |     3 ||     6
       Scroll            |       |     5 ||     5
 Stab: Distracted        |       |     1 ||     1
Armor: Robe              |    27 |     9 ||    36
Dodge: Dodged            |    67 |    66 ||   133

Table legend: (Time is in decaauts)
 A = Elapsed time spent in this place.
 B = Non-inter-level travel time spent in this place.
 C = Inter-level travel time spent in this place.
 D = Time resting spent in this place.
 E = Time spent auto-exploring this place.
 F = Levels seen in this place.
 G = Mean time per level.
                   A        B        C        D        E       F      G
               +--------+--------+--------+--------+--------+-----+--------+
         Total |   4309 |   4019 |    290 |    956 |   2438 |   5 |  861.8 |
       Dungeon |   4309 |   4019 |    290 |    956 |   2438 |   5 |  861.8 |
               +--------+--------+--------+--------+--------+-----+--------+

Top non-repeatable levels by time:
     D:2: 1692 daAuts
     D:1: 1327 daAuts
     D:3: 561 daAuts
     D:4: 412 daAuts
     D:7: 315 daAuts
